 Dungeon Crawl Stone Soup version 0.29-a0-40-g8eb35efe60 (webtiles) character file.

Game seed: 6825055113981084276

235 HallandMoats the Ruffian (level 6, -3/53 HPs)
             Began as a Ghoul Monk on Feb 2, 2022.
             Slain by Pikel (12 damage)
             ... on level 4 of the Dungeon.
             The game lasted 00:05:41 (4483 turns).

HallandMoats the Ruffian (Ghoul Monk)               Turns: 4483, Time: 00:05:42

Health: -3/53      AC: 10    Str: 17    XL:     6   Next: 5%
Magic:  6/6        EV:  7    Int:  5    God:
Gold:   124        SH:  0    Dex: 11    Spells: 5/5 levels left

rFire   . . .      SeeInvis .     - Unarmed
rCold   + . .      Faith    .   (no shield)
rNeg    + + +      Spirit   .   c - +0 chain mail
rPois   ∞          Reflect  .   d - +1 helmet
rElec   .          Harm     .   (no cloak)
rCorr   .          Rampage  .   (no gloves)
Will    .....                   (no boots)
Stlth   ..........              (no amulet)
HPRegen 0.00/turn               (no ring)
MPRegen 0.10/turn               (no ring)

@: inhibited regen
A: claws 1, cold resistance 1, negative energy resistance 3, inhibited
regeneration, torment resistance 2
a: no special abilities


You were on level 4 of the Dungeon.
You visited 1 branch of the dungeon, and saw 4 of its levels.

You collected 124 gold pieces.

Inventory:

Armour
 c - a +0 chain mail (worn)
 d - a +1 helmet (worn)
Scrolls
 b - a scroll of teleportation
 f - a scroll of identify {unknown}
Potions
 a - a potion of might {unknown}
 e - a potion of lignification
 g - a potion of magic {unknown}
 h - a potion of attraction {unknown}
 i - a potion of invisibility {unknown}


   Skills:
 * Level 4.7 Fighting
 + Level 1.6 Armour
 + Level 3.3 Dodging
 - Level 2.1 Stealth
 * Level 4.7 Unarmed Combat
 + Level 2.0 Invocations


You had 5 spell levels left.
You didn't know any spells.
Your spell library contained the following spells:

 Spells                   Type           Power      Damage    Failure   Level
 Foxfire                  Conj/Fire      0%         2x1d4     100%        1
 Conjure Flame            Conj/Fire      0%         6-21      100%        3
 Inner Flame              Hex/Fire       0%         N/A       100%        3
 Flame Wave               Conj/Fire      0%         2d4       100%        4


Dungeon Overview and Level Annotations

Branches:
Dungeon (4/15)
 Temple: D:4-7

Altars:
Cheibriados

Shops:
D:3 !

Annotations:
D:4 Pikel


Innate Abilities, Weirdness & Mutations

You thrive by killing the living.
You are immune to poison.
You have sharp fingernails.
Your flesh is cold resistant. (rC+)
You are immune to negative energy. (rN+++)
You do not regenerate when monsters are visible.
You are immune to unholy pain and torment.


Message History

An adder is nearby!
An adder is nearby!
You scratch the adder but do no damage.
The adder is moderately wounded.
The adder closely misses you.
You claw the adder!
You kill the adder!
You see here an adder corpse.
You see here a +0 dagger.
Pikel is nearby!
Okay, then.
It was a potion of lignification.
You feel woody for a moment.
Pikel shouts!
Pikel zaps a wand.
You suddenly lose the ability to move!
Pikel zaps a wand.
You shrug off the repeated paralysis!
You can move again.
Unknown command.
Unknown command.
Pikel zaps a wand.
You resist with some effort.
Pikel cracks his whip.
Pikel hits you with a +2 whip of electrocution!
You closely miss Pikel. Your claw misses Pikel.
Pikel hits you with a +2 whip of electrocution!
You scratch Pikel but do no damage.
Pikel zaps a wand.
You resist with some effort.
The now-empty wand crumbles to dust.
You closely miss Pikel.
Pikel hits you with a +2 whip of electrocution.
You scratch Pikel but do no damage. Pikel hits you but does no damage.
You closely miss Pikel. Pikel completely misses you.
You closely miss Pikel. Pikel hits you but does no damage.
You barely miss Pikel.
Pikel hits you with a +2 whip of electrocution.
You scratch Pikel but do no damage. Pikel hits you but does no damage.
You are electrocuted!
* * * LOW HITPOINT WARNING * * *
You closely miss Pikel.
Pikel hits you with a +2 whip of electrocution.
* * * LOW HITPOINT WARNING * * *
You are electrocuted!
You die...

..##.# #.#..# #.##.# ..+...#
#....##########.# ..##.##
##.............[# .....#
####....########### ###..#
..##.#.# # #..#
#.##.#.########### #..#
#.##...#..........
#(.###########.###..#.#########
#.(.†........#@# #..#.# #
#.##########.#K# ##...# # #.#
#.#.# #...# #.# #.#.# #...#
###'#### #.#.####...# #......#
#.#........## #......#
#.###.......# '......# #.#
#.K....(# #......# #.#
#.......#


You could see Pikel.

Vanquished Creatures
  4 lemures
  A bullfrog (D:4)
  A scorpion (D:4)
  4 adders
  2 worms
  4 dart slugs
  2 orcs
  A bat (D:1)
  6 endoplasms
  A giant cockroach (D:1)
  4 hobgoblins
  4 jackals (D:3)
  A quokka (D:1)
  7 ball pythons
  4 frilled lizards
  5 goblins
  11 kobolds
  2 rats
  A bush (D:3)
65 creatures vanquished.

Notes
Turn   | Place    | Note
-------+----------+-------------------------------------------
     0 | D:1      | HallandMoats the Ghoul Monk began the quest for the Orb.
     0 | D:1      | Reached XP level 1. HP: 19/19 MP: 0/0
   310 | D:1      | Reached XP level 2. HP: 11/26 MP: 1/1
  1008 | D:1      | Reached XP level 3. HP: 32/33 MP: 2/2
  1608 | D:3      | Found Dume's Distillery.
  2566 | D:3      | Reached skill level 1 in Invocations
  2590 | D:3      | Identified the +4 trident "Quetupe" {holy, Dex+4}
  2600 | D:3      | Found a snail-covered altar of Cheibriados.
  2622 | D:3      | Reached XP level 4. HP: 40/40 MP: 3/3
  2709 | D:3      | Reached skill level 1 in Armour
  3184 | D:4      | Noticed Pikel
  3184 | D:4      | Noticed a lemure
  3184 | D:4      | Noticed a lemure
  3185 | D:4      | Noticed a lemure
  3185 | D:4      | Noticed a lemure
  3228 | D:3      | Killed a lemure
  3426 | D:4      | Noticed a bullfrog
  3430 | D:4      | Killed a bullfrog
  3431 | D:4      | Reached XP level 5. HP: 37/47 MP: 3/5
  3866 | D:4      | Reached XP level 6. HP: 47/53 MP: 6/6
  4459 | D:4      | Paralysed by Pikel for 5 turns
  4483 | D:4      | Slain by Pikel

Illustrated notes

Levels and vault maps discovered:
D:1:      giann_bridges, layout_basic
D:2:      layout_rooms, minmay_misc_feat_pillars
D:3:      layout_loops_ring, kennysheep_slug_shrine, serial_shops,
          nicolae_shop_trees, minmay_hedge_maze, chequers_serial_rivers_micro_e,
          kennysheep_cluttered_room, hex_medium, minmay_misc_feat_alley
D:4:      layout_basic, nrook_uturn, uniq_crazy_yiuf_cottage, uniq_pikel

Skill      XL: |  1  2  3  4  5 |
---------------+----------------+-----
Unarmed Combat | 4 |  4.7
Invocations    | 1 2 |  2.0
Fighting       | 4 |  4.7
Armour         | 1 |  1.6
Dodging        | 3 |  3.3
Stealth        | |  2.1

Action                   |  1- 3 |  4- 6 || total
-------------------------+-------+-------++-------
Melee: Unarmed           |   217 |   137 ||   354
       Punch             |     5 |     3 ||     8
  Use: Scroll            |     1 |     3 ||     4
       Potion            |       |     1 ||     1
 Stab: Sleeping          |     1 |       ||     1
Armor: Robe              |     5 |       ||     5
       Chain mail        |    80 |    52 ||   132
Dodge: Dodged            |    70 |    35 ||   105

Table legend: (Time is in decaauts)
 A = Elapsed time spent in this place.
 B = Non-inter-level travel time spent in this place.
 C = Inter-level travel time spent in this place.
 D = Time resting spent in this place.
 E = Time spent auto-exploring this place.
 F = Levels seen in this place.
 G = Mean time per level.
                   A        B        C        D        E       F      G
               +--------+--------+--------+--------+--------+-----+--------+
         Total |   4464 |   4399 |     65 |    981 |   2613 |   4 | 1116.0 |
       Dungeon |   4464 |   4399 |     65 |    981 |   2613 |   4 | 1116.0 |
               +--------+--------+--------+--------+--------+-----+--------+

Top non-repeatable levels by time:
     D:3: 1682 daAuts
     D:4: 1187 daAuts
     D:1: 1180 daAuts
     D:2: 413 daAuts
